 Dungeon Crawl Stone Soup version 0.20.0-10-g0535bb4 (webtiles) character file.

58 MTVSty1e the Chopper (level 3, -1/33 HPs)
             Began as a Minotaur Fighter on June 3, 2017.
             Slain by MTVSty1e's ghost (5 damage)
             ... on level 3 of the Dungeon.
             The game lasted 00:01:39 (1547 turns).

MTVSty1e the Chopper (Minotaur Fighter)             Turns: 1547, Time: 00:01:40

Health: -1/33      AC:  6    Str: 26    XL:     3   Next: 76%
Magic:  2/2        EV:  7    Int:  5    God:
Gold:   61         SH:  9    Dex:  9    Spells: 2/2 levels left

rFire    . . .     SeeInvis .   a - +0 war axe
rCold    . . .     Gourm    .   c - +0 shield
rNeg     . . .     Faith    .   b - +0 scale mail
rPois    .         Spirit   .   (helmet restricted)
rElec    .         Reflect  .   (no cloak)
rCorr    .         Harm     .   (no gloves)
MR       .....                  (no boots)
Stlth    ..........             (no amulet)
Regen    0.2/turn               (no ring)
MPRegen  0.1/turn               (no ring)

@: mighty
A: retaliatory headbutt, horns 2
a: no special abilities


You were on level 3 of the Dungeon.
You were not hungry.

You visited 1 branch of the dungeon, and saw 3 of its levels.

You collected 61 gold pieces.

Inventory:

Hand Weapons
 a - a +0 war axe (weapon)
Armour
 b - a +0 scale mail (worn)
 c - a +0 shield (worn)
Jewellery
 h - an uncursed ring of poison resistance {unknown}
Scrolls
 e - a scroll of blinking {unknown}
 i - a scroll of identify {unknown}
 l - a scroll of random uselessness {unknown}
 n - a scroll of recharging {unknown}
Potions
 j - 3 potions of curing {unknown}
 k - a potion of heal wounds {unknown}
 m - a potion of cancellation {unknown}
 o - a potion of resistance {unknown}
Comestibles
 f - 6 bread rations
 g - a meat ration


   Skills:
 + Level 4.3 Fighting
 * Level 4.4 Axes
 - Level 3.6 Armour
 - Level 3.6 Shields


You had 2 spell levels left.
You didn't know any spells.

Dungeon Overview and Level Annotations

Branches:
Dungeon (3/15)

Altars:
Elyvilon
Ru
Yredelemnul

Annotations:
D:3 MTVSty1e's ghost, weakling DrSk


Innate Abilities, Weirdness & Mutations

You reflexively headbutt those who attack you in melee.
You have a pair of horns on your head.


Message History

MTVSty1e's ghost sneers, "Do you call that fighting?"
MTVSty1e's ghost hits you!
You miss MTVSty1e's ghost. Your headbutt misses MTVSty1e's ghost.
MTVSty1e's ghost hits you but does no damage.
MTVSty1e's ghost hits you.
You closely miss MTVSty1e's ghost. Your headbutt misses MTVSty1e's ghost.
MTVSty1e's ghost wails.
MTVSty1e's ghost barely misses you.
You miss MTVSty1e's ghost. You block MTVSty1e's ghost's attack.
You closely miss MTVSty1e's ghost. Your headbutt misses MTVSty1e's ghost.
You block MTVSty1e's ghost's attack. MTVSty1e's ghost hits you.
You barely miss MTVSty1e's ghost. You block MTVSty1e's ghost's attack.
You closely miss MTVSty1e's ghost. MTVSty1e's ghost hits you.
MTVSty1e's ghost hits you!
* * * LOW HITPOINT WARNING * * *
You feel very mighty all of a sudden. You block MTVSty1e's ghost's attack.
You closely miss MTVSty1e's ghost. Your headbutt misses MTVSty1e's ghost.
MTVSty1e's ghost hits you.
You die...

....####.#......#<.........#
###....)))..# #.##..........
........#..<##..###......##.
......#..#.....## ######## #
.......#..#.#...#
.......##...#.#.## .......
##....#..# ....... ##....#
....... #.@.#.# .....#
#.W....... ###.###... .. #
!.. ...# ...# ...#


You could see MTVSty1e's ghost.

Vanquished Creatures
  A howler monkey skeleton (D:3)
  2 dart slugs (D:1)
  A leopard gecko (D:3)
  An orc (D:3)
  2 ball pythons
  4 giant cockroaches
  2 goblins
  6 hobgoblins
  3 jackals (D:1)
  A quokka (D:3)
  6 bats
  A frilled lizard (D:2)
  4 kobolds
  6 rats
40 creatures vanquished.

Notes
Turn   | Place    | Note
-------+----------+-------------------------------------------
     0 | D:1      | MTVSty1e the Minotaur Fighter began the quest for the Orb.
     0 | D:1      | Reached XP level 1. HP: 19/19 MP: 0/0
   206 | D:1      | Reached XP level 2. HP: 27/27 MP: 1/1
   594 | D:2      | Found a white marble altar of Elyvilon.
   862 | D:2      | Reached XP level 3. HP: 33/33 MP: 2/2
   939 | D:2      | Found a basalt altar of Yredelemnul.
  1234 | D:2      | Found a sacrificial altar of Ru.
  1536 | D:3      | Noticed MTVSty1e's ghost (weakling DrSk)
  1547 | D:3      | Slain by MTVSty1e's ghost

Skill      XL: |  1  2  3 |
---------------+----------+-----
Axes           | 3 4 |  4.4
Fighting       | 4 |  4.3
Armour         | |  3.6
Shields        | |  3.6

Action                   || total
-------------------------++-------
Melee: War axe           ||    91
       Headbutt          ||    11
  Use: Potion            ||     1
  Eat: Royal jelly       ||     1
Armor: Scale mail        ||    36
Dodge: Dodged            ||    27
Block: Shield            ||    50
